 Dungeon Crawl Stone Soup version 0.31-a0-845-g9abc20d24f (webtiles) character file.

Game seed: 12946983503056905730

4872 Kurtz the Cleaver (level 10, -3/109 HPs)
             Began as an Octopode Fighter on Oct 2, 2023.
             Was a Believer of Okawaru.
             Slain by a troll (10 damage)
             ... on level 9 of the Dungeon.
             The game lasted 00:09:39 (8559 turns).

Kurtz the Cleaver (Octopode Fighter)                Turns: 8559, Time: 00:09:40

Health: -3/109     AC:  1    Str: 24    XL:     10   Next: 50%
Magic:  12/12      EV: 18    Int: 14    God:    Okawaru [**....]
Gold:   111        SH:  7    Dex: 14    Spells: 9/9 levels left

rFire   + . .        y - +7 morningstar "Xewezeon" {freeze, Fragile Str+7}
rCold   . . .        b - +0 buckler
rNeg    . . .        (helmet restricted)
rPois   .            (no amulet)
rElec   .            d - ring of flight
rCorr   +            t - ring of Equivalence {Fly rF+ Int+3}
SInv    .            J - ring of resist corrosion
Will    +....        (no ring) Stlth
                     (no ring)
HPRegen 0.38/turn    (no ring)
MPRegen 0.13/turn    (no ring)
                     (no ring)

%: no passive effects
@: mighty, berserking (expiring), heroic, attractive, enlightened, flying, very
quick
A: almost no armour, amphibious, 8 rings, camouflage 1, gelatinous body 1,
(nimble swimmer 1), tentacles
a: Renounce Religion, Heroism


You were on level 9 of the Dungeon.
You worshipped Okawaru.
Okawaru was pleased with you.
You visited 2 branches of the dungeon, and saw 10 of its levels.

You collected 363 gold pieces.
You spent 252 gold pieces at shops.

Inventory:

Hand Weapons
 a - a +0 war axe
 e - a +0 mace of protection
 j - a +1 flail of pain
 x - a +2 heavy hand axe
 y - the +7 morningstar "Xewezeon" (weapon) {freeze, Fragile Str+7}
   (You bought it in a shop on level 4 of the Dungeon)

   Str+7:     It affects your strength (+7).
   Fragile:   It will be destroyed if unequipped.
Missiles
 c - 6 poisoned darts
 p - 8 boomerangs (quivered)
 B - 2 throwing nets
Armour
 b - a +0 buckler (worn)
Jewellery
 d - a ring of flight (left tentacle)
 t - the ring of Equivalence (right tentacle) {Fly rF+ Int+3}
   (You found it on level 4 of the Dungeon)

   [ring of flight]

   Int+3:     It affects your intelligence (+3).
   rF+:       It protects you from fire.
   Fly:       It grants you flight.
 J - a ring of resist corrosion (on tentacle)
Wands
 n - a wand of light (1)
 C - a wand of digging (1)
Scrolls
 f - 4 scrolls of teleportation {unknown}
 g - 4 scrolls of identify {unknown}
 h - 2 scrolls of blinking {unknown}
 i - a scroll of noise {unknown}
 l - a scroll of vulnerability {unknown}
 m - 2 scrolls of enchant weapon {unknown}
 q - a scroll of amnesia {unknown}
 u - a scroll of enchant armour {unknown}
 D - a scroll of acquirement {unknown}
 G - a scroll of fog {unknown}
 H - a scroll of poison {unknown}
 I - a scroll of revelation {unknown}
 K - a scroll of fear {unknown}
Potions
 k - a potion of attraction
 o - 2 potions of enlightenment
 r - 4 potions of curing
 s - a potion of haste {unknown}
 v - a potion of ambrosia {unknown}
 z - a potion of lignification {unknown}
 A - a potion of mutation {unknown}
 F - a potion of heal wounds {unknown}


   Skills:
 * Level 8.8(13.8) Fighting
 - Level 9.6(14.6) Axes
 * Level 6.7(11.7) Dodging
 * Level 6.1(11.1) Shields
 * Level 3.4 Invocations


You had 9 spell levels left.
You didn't know any spells.
Your spell library contained the following spells:

 Spells                   Type           Power      Damage    Failure   Level
 Apportation              Tloc           0%         N/A       32%         1
 Necrotise                Necr           0%         1d4       32%         1
 Ensorcelled Hibernation  Hex/Ice        0%         N/A       43%         2
 Passwall                 Tmut/Erth      0%         N/A       43%         2
 Poisonous Vapours        Pois/Air       0%         N/A       43%         2
 Dazzling Flash           Conj/Hex       0%         N/A       67%         3
 Mephitic Cloud           Conj/Pois/Air  0%         N/A       67%         3
 Swiftness                Air            0%         N/A       67%         3
 Manifold Assault         Tloc           0%         N/A       97%         4
 Agony                    Necr           0%         N/A       100%        5
 Freezing Cloud           Conj/Ice/Air   0%         6-21      100%        5
 Silence                  Hex/Air        0%         N/A       100%        5
 Dispersal                Tloc           0%         N/A       100%        6
 Disjunction              Tloc           0%         N/A       100%        8
 Summon Small Mammal      Summ           Unusable   N/A       N/A         1

Dungeon Overview and Level Annotations

Branches:
Dungeon (9/15)             Temple (1/1) D:6
   Lair: D:8-11         Orc: D:9-12

Altars:
Ashenzari
Cheibriados
Dithmenos
Elyvilon
Fedhas
Gozag
Kikubaaqudgha
Makhleb
Nemelex Xobeh
Okawaru
Qazlal
Sif Muna
Trog
Uskayaw
Vehumet
Wu Jian
Xom
Yredelemnul
Zin
The Shining One

Shops:
D:4 (   D:6 *

Annotations:
D:2 1 runed translucent door, Crazy Yiuf
D:9 Psyche


Innate Abilities, Weirdness & Mutations

You cannot wear most types of armour.
You are amphibious.
You can wear up to eight rings at the same time.
Your skin changes colour to match your surroundings (Stealth+).
Your rubbery body absorbs attacks. (AC +1, EV +1)
((You are camouflaged when in or above water. (Stealth+)))
You have tentacles for arms and can constrict up to eight enemies at once.


Message History

The wyvern bites you.
* * * LOW HITPOINT WARNING * * *
The wyvern closely misses you. The wyvern barely misses you.
It was a potion of enlightenment.
You feel more buoyant. The wyvern misses you.
It was a potion of attraction.
You feel attractive to monsters. You block the wyvern's attack.
The wyvern closely misses you.
It was a potion of berserk rage.
A red film seems to cover your vision as you go berserk!
You feel yourself moving faster!
You feel mighty! The wyvern completely misses you.
You impale the wyvern!! You freeze the wyvern.
The wyvern is almost dead.
The wyvern barely misses you.
You impale the wyvern!! You freeze the wyvern.
You kill the wyvern!
Okawaru accepts your kill.
You sock the centaur! You freeze the centaur. Your squeeze misses the centaur.
The centaur is severely wounded.
The centaur unwields a +0 orcbow.
The centaur hits you.
* * * LOW HITPOINT WARNING * * *
The centaur barely misses you.
You barely miss the centaur.
The centaur is severely wounded.
The centaur misses you. You block the centaur's attack.
You closely miss the centaur.
The centaur is severely wounded.
The centaur hits you.
* * * LOW HITPOINT WARNING * * *
The centaur closely misses you.
You closely miss the centaur. You squeeze the centaur.
You kill the centaur!
Okawaru accepts your kill.
You impale the troll!! You freeze the troll. You tentacle-slap the troll.
The troll is almost dead.
The troll bites you!
You die...

≈~≈~~..........
h≈≈≈~........
~~≈≈.......#
.~~........#
..~~...<...#
~...~......######
.........l..(....
.##.#.###T##.####
# #. #@# # #. #.#
# #.# #.# #.# .).
... ...


You could see a troll and a wyvern.

Vanquished Creatures
  Erica (D:8)
  A kobold demonologist (D:5)
  2 trolls
  Grinder (D:6)
  Prince Ribbit (D:5)
  Sigmund (D:3)
  2 wyverns (D:9)
  A steam dragon (D:8)
  Menkaure (D:7)
  A swamp worm (D:8)
  Duvessa (D:4)
  A black bear (D:6)
  An ice beast (D:7)
  An ogre (D:5)
  3 centaurs (D:9)
  2 bullfrogs
  4 scorpions
  5 wights (D:7)
  Dowan (D:4)
  3 electric eels (D:9)
  2 gnoll boudas
  5 hounds
  2 orc priests
  3 jellies
  Jessica (D:2)
  An iguana (D:7)
  3 sleepcaps
  4 orc wizards
  Natasha (twice) (D:4)
  13 gnolls
  11 adders
  2 shadow imps (D:6)
  2 white imps
  A worm (D:2)
  33 orcs
  7 endoplasms
  A giant cockroach (D:2)
  7 goblins
  9 hobgoblins
  9 kobolds
  4 quokkas
  5 ball pythons
  6 bats
  A frilled lizard (D:3)
  3 rats
171 creatures vanquished.

Vanquished Creatures (others)
  An orc wizard (D:8)
1 creature vanquished.

Grand Total: 172 creatures vanquished

Notes
Turn   | Place    | Note
-------+----------+-------------------------------------------
     0 | D:1      | Kurtz the Octopode Fighter began the quest for the Orb.
     0 | D:1      | Reached XP level 1. HP: 16/16 MP: 1/1
    54 | D:1      | Reached XP level 2. HP: 16/21 MP: 2/2
   153 | D:2      | Reached skill level 3 in Axes
   302 | D:2      | Reached XP level 3. HP: 22/26 MP: 3/3
   495 | D:2      | Found a faded altar of an unknown god.
   660 | D:2      | Reached skill level 4 in Axes
   705 | D:2      | Noticed Jessica
   710 | D:2      | Killed Jessica
   711 | D:2      | Reached XP level 4. HP: 26/31 MP: 4/4
   886 | D:2      | Found a runed translucent door.
   887 | D:2      | Noticed Crazy Yiuf
  1327 | D:3      | Noticed Sigmund
  1426 | D:3      | Killed Sigmund
  1427 | D:3      | Reached skill level 6 in Axes
  1427 | D:3      | Reached XP level 5. HP: 36/36 MP: 5/5
  1427 | D:3      | Reached XP level 6. HP: 42/42 MP: 6/6
  2200 | D:4      | Reached skill level 7 in Axes
  2246 | D:4      | Found Unuubraf's Antique Weapon Shoppe.
  2267 | D:4      | Noticed Dowan
  2272 | D:4      | Noticed Duvessa
  2291 | D:4      | Killed Duvessa
  2292 | D:4      | Reached XP level 7. HP: 32/46 MP: 7/7
  2296 | D:4      | Killed Dowan
  2380 | D:4      | Reached skill level 8 in Axes
  2778 | D:4      | Identified the ring of Equivalence {Fly rF+ Int+3}
  2866 | D:4      | Noticed Natasha
  2872 | D:4      | Killed Natasha
  3104 | D:5      | Entered Level 5 of the Dungeon
  3244 | D:5      | Found a glowing silver altar of Zin.
  3244 | D:5      | Noticed Prince Ribbit
  3268 | D:5      | Killed Prince Ribbit
  3269 | D:5      | Reached skill level 9 in Axes
  3269 | D:5      | Reached XP level 8. HP: 52/52 MP: 8/8
  3571 | D:5      | Noticed a kobold demonologist
  3577 | D:5      | Killed a kobold demonologist
  3808 | D:4      | Noticed Natasha
  3814 | D:4      | Killed Natasha
  3826 | D:4      | Bought a faintly glowing morningstar for 252 gold pieces
  3826 | D:4      | Identified the +7 morningstar "Xewezeon" {freeze, Fragile
                  | Str+7} (You bought it in a shop on level 4 of the Dungeon)
  4255 | D:6      | Found a staircase to the Ecumenical Temple.
  4269 | D:6      | Noticed a troll
  4279 | Temple   | Entered the Ecumenical Temple
  4371 | D:6      | Killed a troll
  4372 | D:6      | Reached skill level 5 in Fighting
  4372 | D:6      | Reached XP level 9. HP: 61/61 MP: 9/9
  4753 | D:6      | Found Ogios's Assorted Antiques.
  4923 | D:6      | Reached skill level 5 in Shields
  4965 | D:6      | Noticed Grinder
  4971 | D:6      | Killed Grinder
  4972 | D:6      | Reached skill level 5 in Dodging
  5136 | Temple   | Became a worshipper of Warmaster Okawaru
  5670 | D:7      | Reached skill level 1 in Invocations
  5758 | D:7      | Noticed Menkaure
  5762 | D:7      | Killed Menkaure
  5762 | D:7      | Reached * piety under Okawaru
  6403 | D:8      | Reached XP level 10. HP: 65/71 MP: 11/11
  7033 | D:9      | Noticed Psyche
  7067 | D:9      | Reached ** piety under Okawaru
  8032 | D:9      | Noticed Erica
  8541 | D:8      | Killed Erica
  8559 | D:9      | Slain by a troll

Illustrated notes

Levels and vault maps discovered:
D:1:      erik_arrival_blinker_ship, layout_rooms
D:2:      cheibrodos_old_hovel, layout_loops_corners,
          ebering_ecumenical_altar_hall, minmay_tetromino_i2, uniq_jessica,
          uniq_crazy_yiuf_cottage
D:3:      layout_basic, serial_bayou, serial_bayou_pond_a, serial_bayou_shore_b,
          serial_bayou_pond_b, serial_bayou_pond_b, uniq_sigmund
D:4:      layout_basic, st_stairs_12, nicolae_inconvenience_store, uniq_natasha,
          uniq_duvessa
D:5:      layout_layer_cave, mainiacjoe_overflow_brackets,
          minmay_misc_feat_tiny, minivault_23, uniq_prince_ribbit1
D:6:      layout_gridville, minmay_temple_entry_junction_2, serial_shops,
          nicolae_shop_temple_entry_statues_fountains, uniq_grinder
D:7:      layout_loops_ring, uniq_menkaure
D:8:      layout_loops_cross, worms_lemuel
D:9:      layout_loops_ring, mainiacjoe_overflow_catch_the_wave,
          erik_lair_island, serial_bayou, serial_bayou_lagoon_a,
          serial_bayou_pond_e, serial_bayou_ford_a, serial_bayou_pond_b,
          gammafunk_ghost_hydra_chop, uniq_erica, uniq_jeremiah, uniq_psyche
Temple:   nicolae_temple_bog_church

Skill      XL: |  1  2  3  4  5  6  7  8  9 10 |
---------------+-------------------------------+-----
Axes           | 3 4 6 7 9 |  9.6
Fighting       | 5 7 8 |  8.8
Shields        | 4 5 6 |  6.1
Dodging        | 4 5 6 |  6.7
Invocations    | 2 3 |  3.4

Action                     |  1- 3 |  4- 6 |  7- 9 | 10-12 || total
---------------------------+-------+-------+-------+-------++-------
  Melee: War axe           |    33 |       |    19 |       ||    52
         Constrict         |    11 |    20 |    42 |     6 ||    79
         Tentacles         |    11 |    18 |    30 |     6 ||    65
         Mace              |    19 |    44 |       |       ||    63
         Punch             |       |     2 |     3 |     3 ||     8
         Flail             |       |    32 |    22 |       ||    54
         Morningstar       |       |       |    99 |    39 ||   138
         Hand axe          |       |       |    15 |       ||    15
  Throw: Boomerang         |       |       |    18 |    11 ||    29
         Dart              |       |       |       |    10 ||    10
 Invoke: Heroism           |       |       |       |     1 ||     1
  Evoke: Wand              |       |     1 |     8 |     1 ||    10
    Use: Potion            |       |       |     1 |     5 ||     6
   Stab: Sleeping          |     5 |     8 |     4 |       ||    17
         Invisible         |       |     1 |     1 |       ||     2
 Armour: Skin              |    20 |    36 |    68 |    58 ||   182
  Dodge: Dodged            |    39 |    44 |    82 |    43 ||   208
  Block: Buckler           |    10 |     9 |    20 |     9 ||    48

Table legend: (Time is in decaauts)
 A = Elapsed time spent in this place.
 B = Non-inter-level travel time spent in this place.
 C = Inter-level travel time spent in this place.
 D = Time resting spent in this place.
 E = Time spent auto-exploring this place.
 F = Levels seen in this place.
 G = Mean time per level.
                   A        B        C        D        E       F      G
               +--------+--------+--------+--------+--------+-----+--------+
         Total |   8647 |   8209 |    438 |   2027 |   4867 |  10 |  864.7 |
       Dungeon |   8538 |   8143 |    395 |   1973 |   4867 |   9 |  948.7 |
        Temple |    109 |     66 |     43 |     54 |      0 |   1 |  109.0 |
               +--------+--------+--------+--------+--------+-----+--------+

Top non-repeatable levels by time:
     D:9: 1485 daAuts
     D:2: 1185 daAuts
     D:8: 1105 daAuts
     D:6: 1006 daAuts
     D:4: 1004 daAuts
     D:5: 937 daAuts
     D:3: 923 daAuts
     D:7: 820 daAuts
  Temple: 109 daAuts
     D:1: 70 daAuts
